 Dungeon Crawl Stone Soup version 0.24.0-123-gd5b16e6ec5 (webtiles) character file.

Game seed: 13627914020074501104, levelgen mode: deterministic

83 Chiseanne the Magician (level 4, -1/30 HPs)
             Began as a Demonspawn Wizard on Jan 21, 2020.
             Slain by a crocodile (4 damage)
             ... in a sewer.
             The game lasted 00:03:58 (2567 turns).

Chiseanne the Magician (Demonspawn Wizard)          Turns: 2567, Time: 00:03:58

Health: -1/30      AC:  3    Str:  7    XL:     4   Next: 22%
Magic:  1/10       EV: 12    Int: 24    God:
Gold:   115        SH:  0    Dex: 11    Spells: 2/11 levels left

rFire    . . .     SeeInvis .   a - +1 mace
rCold    . . .     Gourm    .   (no shield)
rNeg     . . .     Faith    .   k - +0 robe
rPois    .         Spirit   .   r - +0 helmet
rElec    .         Reflect  .   (no cloak)
rCorr    .         Harm     .   (no gloves)
MR       .....                  (no boots)
Stlth    ++........             (no amulet)
HPRegen  0.10/turn              l - +3 ring of intelligence
MPRegen  0.12/turn              (no ring)

@: very slightly contaminated
A: powered by death 1
a: no special abilities


You were in a sewer.
You were not hungry.

You visited 1 branch of the dungeon, and saw 3 of its levels.
You also visited: Sewer.

You collected 115 gold pieces.

Inventory:

Hand Weapons
 a - a +1 mace (weapon)
Missiles
 c - 82 stones (quivered)
 n - 17 arrows
Armour
 f - a cursed -1 leather armour
 k - a +0 robe (worn)
 r - a +0 helmet (worn)
Jewellery
 l - a +3 ring of intelligence (left hand)
Scrolls
 j - a scroll of fog
Potions
 h - a potion of might
 m - a potion of curing
 o - a potion of berserk rage
 p - a potion of flight
Comestibles
 b - 3 chunks of flesh
 d - 6 rations


   Skills:
 - Level 1.7 Dodging
 - Level 1.7 Stealth
 * Level 4.0 Spellcasting
 * Level 2.9 Conjurations
   Level 1.0 Summonings
 - Level 0.8 Translocations


You had 2 spell levels left.
You knew the following spells:

 Your Spells              Type           Power        Failure   Level  Hunger
a - Magic Dart            Conj           ###.         3%          1    None
b - Blink                 Tloc           N/A          11%         2    #......
c - Conjure Flame         Conj/Fire      ##......     16%         3    ##.....
d - Mephitic Cloud        Conj/Pois/Air  #.......     19%         3    ##.....

Your spell library contained the following spells:

 Spells                   Type           Power        Failure   Level  Hunger
 Call Imp                 Summ           #.......     10%         2    #......
 Slow                     Hex            #.......     14%         2    #......


Dungeon Overview and Level Annotations

Branches:
Dungeon (3/15)              Sewer (1/1)

Altars:
Gozag
Qazlal
Yredelemnul


Innate Abilities, Weirdness & Mutations

You regenerate a little health from kills.


Message History

Press: ? - help, Shift-Dir - straight line, f/p - crocodile
Aim: a crocodile (heavily wounded)
You throw a stone. The stone closely misses the crocodile.
Throwing (i - inventory)
c - 83 stones (quivered)
Press: ? - help, Shift-Dir - straight line, f/p - crocodile
Aim: a crocodile (heavily wounded)
You throw a stone. The stone closely misses the crocodile.
The crocodile misses you.
You barely miss the crocodile.
The crocodile is heavily wounded.
The crocodile bites you. x2
You hit the crocodile.
The crocodile is heavily wounded.
The crocodile bites you!
You hit the crocodile.
The crocodile is severely wounded.
The crocodile bites you!
* * * LOW HITPOINT WARNING * * *
The crocodile bites you.
You die...

..... ..... ... ...
#.# ####### #.#
##..÷..## #.#
##...≈...##
#.#######...≈≈≈...##
#(....t@...≈≈≈≈≈.∩.#
#.#######...≈≈≈...##
#.# ##...≈...## #.#
##.....## #.#
####### #.# #.# #.#


You could see a crocodile.

Vanquished Creatures
  Robin (D:2)
  2 adders (D:2)
  2 oozes
  3 worms
  A dart slug (D:1)
  3 leopard geckos
  5 bats (Sewer)
  3 hobgoblins (D:2)
  5 frilled lizards
  8 goblins
  3 rats
36 creatures vanquished.

Notes
Turn   | Place    | Note
-------+----------+-------------------------------------------
     0 | D:1      | Chiseanne the Demonspawn Wizard began the quest for the
                  | Orb.
     0 | D:1      | Reached XP level 1. HP: 13/13 MP: 4/4
   242 | D:1      | Gained mutation: You regenerate a little health from kills.
                  | [demonic ancestry]
   242 | D:1      | Reached XP level 2. HP: 3/19 MP: 0/6
   891 | D:2      | Found a basalt altar of Yredelemnul.
  1105 | D:2      | Noticed Robin
  1175 | D:2      | Killed Robin
  1175 | D:2      | Reached XP level 3. HP: 14/24 MP: 4/8
  1466 | D:2      | Found an opulent altar of Gozag.
  1480 | D:2      | Found a stormy altar of Qazlal.
  1889 | D:2      | Reached XP level 4. HP: 30/30 MP: 6/9
  1912 | D:2      | Learned a level 2 spell: Blink
  1916 | D:2      | Learned a level 3 spell: Conjure Flame
  1920 | D:2      | Learned a level 3 spell: Mephitic Cloud
  2387 | D:3      | Found a glowing drain.
  2393 | D:3      | Reached skill level 4 in Spellcasting
  2448 | Sewer    | Entered a sewer
  2524 | Sewer    | Noticed a crocodile
  2567 | Sewer    | Slain by a crocodile

Levels and vault maps discovered:
D:1:      dpeg_arrival_signposts, layout_rooms, minmay_tree_intersection
D:2:      layout_basic, yredelemnul_altar_generic,
          nicolae_qazlal_eye_of_the_storm, first_ration,
          nicolae_gozag_seed_capital, uniq_robin
D:3:      layout_loops_ring, lemuel_doored_altar, cheibrodos_sewer_entry_drain,
          kennysheep_generic_room_9
Sewer:    sewer_big_baddie

Skill      XL: |  1  2  3  4 |
---------------+-------------+-----
Conjurations   | 2 |  2.9
Spellcasting   | 4 |  4.0
Dodging        | |  1.7
Stealth        | |  1.7
Summonings     | |  1.0
Translocations | |  0.8

Action                   |  1- 3 |  4- 6 || total
-------------------------+-------+-------++-------
Melee: Dagger            |     5 |       ||     5
       Mace              |     8 |     5 ||    13
Throw: Stone             |       |     4 ||     4
 Cast: Magic Dart        |    60 |    35 ||    95
       Conjure Flame     |       |     3 ||     3
       Mephitic Cloud    |       |     1 ||     1
  Use: Potion            |     1 |     1 ||     2
       Scroll            |     7 |     1 ||     8
  Eat: Chunk             |     3 |     2 ||     5
Dodge: Dodged            |    14 |     2 ||    16
